 Dungeon Crawl Stone Soup version 0.17-a0-1880-gacf7e67 (webtiles) character file.

359 barthelm the Ducker (level 6, 0/62 HPs)
             Began as a Troll Berserker on Sept 21, 2015.
             Was a Believer of Trog.
             Slain by Eustachio
             ... wielding a +0 rapier
              (5 damage)
             ... on level 4 of the Dungeon.
             The game lasted 00:08:28 (1250 turns).

barthelm the Ducker (Troll Berserker)               Turns: 1250, Time: 00:08:30

Health: 0/62       AC:  5    Str: 28      XL:     6   Next: 37%
Magic:  5/5        EV: 10    Int:  3      God:    Trog [**....]
Gold:   195        SH:  0    Dex:  6 (9)  Spells: 0 memorised, 5 levels left

rFire  . . .     SeeInvis .     a - +0 mace
rCold  . . .     Clarity  .     b - +0 animal skin
rNeg   . . .     SustAt   .     (no shield)
rPois  .         Gourm    +     (helmet restricted)
rElec  .         Spirit   .     (no cloak)
rCorr  .         Warding  .     (gloves unavailable)
rMut   .         Stasis   .     (boots unavailable)
MR     .....                    (no amulet)
Stlth  +.........               (no ring)
                                (no ring)

@: exhausted, slowed, very slow, not resistant to hostile enchantments, very
unstealthy
A: unfitting armour, claws 3, fast metabolism 3, gourmand, regeneration 2,
shaggy fur 1, tough skin 2
a: Burn Spellbooks, Berserk, Trog's Hand, Renounce Religion


You were on level 4 of the Dungeon.
You worshipped Trog.
Trog was pleased with you.
You were very full.

You visited 1 branch of the dungeon, and saw 4 of its levels.
You also visited: Sewer.

You collected 195 gold pieces.

Inventory:

Hand weapons
 a - a +0 mace (weapon)
Armour
 b - a +0 animal skin (worn)
Jewellery
 g - an uncursed amulet of faith {unknown}
Magical devices
 m - a wand of flame (32)
Scrolls
 e - a scroll of noise {unknown}
 k - a scroll of identify {unknown}
 l - a scroll of enchant armour {unknown}
 o - 2 scrolls of recharging
Potions
 f - a potion of cancellation {unknown}
 h - a potion of mutation {unknown}
 q - 2 potions of flight {unknown}
 r - a potion of heal wounds {unknown}
Comestibles
 c - 2 bread rations
 d - 3 fruits
 i - a royal jelly
 j - a slice of pizza
 p - 2 chunks of flesh


   Skills:
 + Level 3.9 Fighting
 + Level 3.9 Maces & Flails
 + Level 4.4 Dodging


You had 5 spell levels left.
You didn't know any spells.

Dungeon Overview and Level Annotations

Branches:
Dungeon (4/15)             Temple (0/1) D:4

Altars:
Fedhas
Gozag
Makhleb
Okawaru
Qazlal

Shops:
D:4 [

Annotations:
D:4 Eustachio


Innate Abilities, Weirdness & Mutations

You are too large for most types of armour.
You have claws for hands.
Your metabolism is lightning-fast.
You like to eat raw meat.
You heal very quickly.
You are covered in fur (AC +1).
You have very tough skin (AC +2).


Message History

* * * LOW HITPOINT WARNING * * *
The rat bites you but does no damage. The quasit closely misses you.
The quasit claws you but does no damage. x2
The orc hits you but does no damage. Eustachio closely misses you.
The white imp barely misses you. The rat bites you.
* * * LOW HITPOINT WARNING * * *
You hit the quasit.
The quasit is severely wounded.
The white imp disappears in a puff of smoke!
The quasit disappears in a puff of smoke!
The bat barely misses you. The bat hits you but does no damage.
The orc hits you with a club.
* * * LOW HITPOINT WARNING * * *
Eustachio hits you with a rapier!
* * * LOW HITPOINT WARNING * * *
The bat hits you.
* * * LOW HITPOINT WARNING * * *
The rat bites you but does no damage. The orc hits you but does no damage.
Eustachio hits you with a rapier.
You die...

#..........
#.............. (
#.............. ..
#.............. .(.
#....(......... ....
#...bb.........
.§§..#..............
.§§....o@§..........
.......@r§..(.......
######).)...........
#..............
#..............
#.....)........
#....#...#.....
##....#≈≈≈#.....
#.....#≈≈≈#.....


You could see Eustachio, an orc, 2 bats and a rat.

Vanquished Creatures
  An ogre (D:4)
  A big kobold (Sewer)
  An orc priest (D:3)
  An orc wizard (D:4)
  Terence (D:3)
  5 adders
  2 river rats (Sewer)
  An ooze (D:2)
  An adder zombie (D:3)
  3 giant geckos
  5 orcs
  A ball python (D:2)
  2 giant cockroaches
  3 goblins
  3 hobgoblins (D:3)
  5 jackals
  A quokka (D:3)
  5 giant newts
  8 kobolds
  3 rats (Sewer)
53 creatures vanquished.

Notes
Turn   | Place    | Note
--------------------------------------------------------------
     0 | D:1      | barthelm the Troll Berserker began the quest for the Orb.
     0 | D:1      | Reached XP level 1. HP: 22/22 MP: 0/0
    69 | D:2      | Reached XP level 2. HP: 15/29 MP: 1/1
   115 | D:2      | Reached skill level 3 in Maces & Flails
   157 | D:2      | Reached XP level 3. HP: 26/36 MP: 2/2
   183 | D:2      | Found an opulent altar of Gozag.
   695 | D:3      | Noticed Terence
   705 | D:3      | Killed Terence
   705 | D:3      | Reached XP level 4. HP: 14/45 MP: 3/3
   706 | D:3      | Acquired Trog's second power
   816 | D:3      | Found a blossoming altar of Fedhas.
   817 | D:3      | Found a burning altar of Makhleb.
   817 | D:3      | Found an iron altar of Okawaru.
   823 | D:3      | Found a stormy altar of Qazlal.
   925 | D:3      | Reached XP level 5. HP: 53/53 MP: 4/4
   970 | D:4      | Found Atosuvacu's Antique Armour Shop.
   976 | D:4      | Found a glowing drain.
   997 | Sewer    | Entered a sewer
  1096 | Sewer    | Reached skill level 4 in Dodging
  1155 | Sewer    | Found a glowing silver altar of Zin.
  1215 | D:4      | Found a staircase to the Ecumenical Temple.
  1217 | D:4      | Noticed Eustachio
  1219 | D:4      | Noticed an ogre
  1231 | D:4      | Killed an ogre
  1231 | D:4      | Reached XP level 6. HP: 62/62 MP: 5/5
  1242 | D:4      | HP: 3/62 [quasit[Eustachio] (2)]
  1250 | D:4      | Slain by Eustachio

Vault maps used:
D:1:      lemuel_arrival_funnel
D:2:      nicolae_gozag_cash_rules_everything_around_me
D:3:      minitemple, uniq_terence
D:4:      minmay_temple_entry_purple_smoke, serial_shops, shop,
          nicolae_shop_trees, shop, nicolae_ossuary_entry_ruins,
          portal_sewer_entry_f, dk_noncrumbling_4,
          minmay_misc_feat_more_columns, uniq_sigmund, uniq_crazy_yiuf_cottage,
          uniq_eustachio
Sewer:    sewer_kobolds

Action                   |  1- 3 |  4- 6 || total
-------------------------+-------+-------++-------
Melee: Mace              |    83 |   123 ||   206
Invok: Berserk           |     1 |     3 ||     4
       Trog's Hand       |       |     1 ||     1
Evoke: Wand              |       |     1 ||     1
  Use: Potion            |       |     3 ||     3
       Scroll            |       |     1 ||     1
  Eat: Chunk             |     8 |    12 ||    20
